 Dungeon Crawl Stone Soup version 0.30.0-30-g96aa6591b8 (webtiles) character file.

Game seed: 6520144100990126744

40157 DemonSlayer the Thaumaturge (level 13, -5/90 HPs)
             Began as a Demonspawn Earth Elementalist on June 27, 2023.
             Was an Elder of Dithmenos.
             Slain by a white ugly thing (16 damage)
             ... on level 5 of the Lair of Beasts.
             The game lasted 00:34:57 (18924 turns).

DemonSlayer the Thaumaturge (DsEE)                 Turns: 18924, Time: 00:34:58

Health: -5/90      AC: 12    Str: 11    XL:     13   Next: 73%
Magic:  9/38       EV: 14    Int: 23    God:    Dithmenos [****..]
Gold:   1016       SH:  0    Dex: 14    Spells: 22/37 levels left

rFire   . . .        a - +8 dagger (flame)
rCold   + . .        (no shield)
rNeg    . . .        X - +1 steam dragon scales
rPois   .            B - +0 helmet
rElec   .            S - +1 cloak
rCorr   .            t - +0 pair of gloves
SInv    .            A - +1 pair of boots
Will    +....        G - amulet of magic regeneration
Stlth   ++++++       z - ring of protection from cold
HPRegen 0.35/turn    O - ring "Dety" {Will+ MP+9 Stlth+}
MPRegen 0.66/turn

%: no passive effects
@: wreathed by umbra
A: demonic guardian 2, powered by pain 1, big brain 2, weakness stinger 2
a: Renounce Religion, Shadow Step


You were on level 5 of the Lair of Beasts.
You worshipped Dithmenos.
Dithmenos was greatly pleased with you.
You visited 3 branches of the dungeon, and saw 16 of its levels.
You also visited: Sewer.

You collected 1168 gold pieces.
You spent 152 gold pieces at shops.

Inventory:

Hand Weapons
 a - a +8 dagger of flaming (weapon)
Missiles
 n - a throwing net
 L - 18 poisoned darts
 M - 4 atropa-tipped darts
 R - 4 curare-tipped darts
Armour
 t - a +0 pair of gloves (worn)
 A - a +1 pair of boots (worn)
 B - a +0 helmet (worn)
 S - a +1 cloak (worn)
 X - +1 steam dragon scales (worn)
Jewellery
 z - a ring of protection from cold (left hand)
 G - an amulet of magic regeneration (around neck)
 H - a ring of protection from cold
 O - the ring "Dety" (right hand) {Will+ MP+9 Stlth+}
   (You found it on level 8 of the Dungeon)

   [ring of magical power]

   MP:        It affects your magic capacity (+9).
   Will:      It increases your willpower.
   Stlth:     It makes you more stealthy.
 T - an amulet of the acrobat
 U - a ring of protection from cold
 W - a +6 ring of dexterity
Wands
 b - a wand of digging (3)
 d - a wand of paralysis (26)
 o - a wand of polymorph (5)
 w - a wand of mindburst (24)
 y - a wand of roots (4)
 I - a wand of flame (7)
Scrolls
 e - 5 scrolls of amnesia
 g - 5 scrolls of teleportation
 q - 2 scrolls of identify
 r - a scroll of blinking {unknown}
 s - a scroll of fog
 v - 4 scrolls of poison
 x - a scroll of silence
 E - a scroll of fear
 J - 2 scrolls of immolation
 N - 3 scrolls of magic mapping
 P - 4 scrolls of vulnerability
Potions
 c - 4 potions of might
 f - a potion of cancellation
 h - a potion of magic
 i - 5 potions of attraction
 j - 3 potions of brilliance {unknown}
 k - 3 potions of berserk rage
 l - a potion of resistance {unknown}
 m - 5 potions of curing
 p - 9 potions of ambrosia
 u - 3 potions of heal wounds
 C - 5 potions of flight {unknown}
 D - 2 potions of mutation {unknown}
 F - 5 potions of lignification {unknown}
 K - 3 potions of degeneration {unknown}
 V - a potion of invisibility {unknown}
 Y - a potion of haste {unknown}


   Skills:
 + Level 4.5 Fighting
 + Level 2.3 Short Blades
 + Level 3.2 Polearms
 + Level 2.2 Throwing
 + Level 6.4 Dodging
 + Level 5.8 Stealth
 + Level 12.8 Spellcasting
 + Level 10.6 Conjurations
 + Level 1.0 Transmutations
 + Level 11.9 Earth Magic
 + Level 0.5 Evocations


You had 22 spell levels left.
You knew the following spells:

 Your Spells              Type           Power      Damage    Failure   Level
a - Sandblast             Erth           100%       2d20      1%          1
b - Passwall              Tmut/Erth      36%        N/A       1%          2
c - Stone Arrow           Conj/Erth      100%       3d13      1%          3
d - Petrify               Tmut/Erth      44%        N/A       3%          4
e - Borgnjor's Vile Clut  Necr/Erth      21%        N/A       10%         5

Your spell library contained the following spells:

 Spells                   Type           Power      Damage    Failure   Level
 Hailstorm                Conj/Ice       39%        3d9       1%          3
 Freeze                   Ice            56%        1d7       4%          1
 Frozen Ramparts          Ice            28%        1d5       13%         3
 Portal Projectile        Hex/Tloc       28%        N/A       13%         3
 Tukima's Dance           Hex            14%        N/A       13%         3
 Ice Form                 Ice/Tmut       17%        N/A       34%         4
 Animate Dead             Necr           14%        N/A       38%         4
 Blade Hands              Tmut           9%         N/A       61%         5
 Death Channel            Necr           7%         N/A       100%        6
 Simulacrum               Ice/Necr       7%         N/A       100%        6


Dungeon Overview and Level Annotations

Branches:
Dungeon (10/15)            Temple (1/1) D:7            Lair (5/5) D:10
 Shoals (0/4) Lair:3        Snake (0/4) Lair:3        Slime (0/5) Lair:4
  Sewer (visited)
    Orc: D:9-12

Altars:
Ashenzari
Cheibriados
Dithmenos
Fedhas
Gozag
Hepliaklqana
Kikubaaqudgha
Makhleb
Nemelex Xobeh
Okawaru
Qazlal
Ru
Sif Muna
Trog
Uskayaw
Vehumet
Wu Jian
Xom
Yredelemnul

Shops:
D:2 *

Annotations:
D:6 2 transporters, 1 runed translucent door, Crazy Yiuf; Mig's ghost, novice TrBe


Innate Abilities, Weirdness & Mutations

A demonic guardian rushes to your aid.
You sometimes gain a little power by taking damage.
You have an extremely huge brain. (Int +4)
You have a tail ending in a sharp stinger.


Message History

The white ugly thing is severely wounded.
The white ugly thing closely misses you.
Unknown command.
Unknown command.
Unknown command.
Casting: Stone Arrow (safe; 1% risk of failure)
Confirm with . or Enter, or press ? or * to list all spells.
You don't know that spell.
Unknown command.
Unknown command.
Unknown command.
Unknown command.
Casting: Stone Arrow (safe; 1% risk of failure)
Confirm with . or Enter, or press ? or * to list all spells.
Aiming: Stone Arrow (safe; 1% risk of failure)
Press: ? - help, Shift-Dir - straight line, f/p - white ugly thing
Aim: a white ugly thing (black smoke, severely wounded, umbra, 78% to hit)
The stone arrow hits the white ugly thing!!
The white ugly thing is almost dead.
The white ugly thing stings you.
A demonic guardian appears!
The white ugly thing freezes you! You resist.
* * * LOW HITPOINT WARNING * * *
Unknown command.
Casting: Stone Arrow (safe; 1% risk of failure)
Confirm with . or Enter, or press ? or * to list all spells.
You don't know that spell.
Unknown command.
Unknown command.
Casting: Stone Arrow (safe; 1% risk of failure)
Confirm with . or Enter, or press ? or * to list all spells.
Aiming: Stone Arrow (safe; 1% risk of failure)
Press: ? - help, Shift-Dir - straight line, f/p - white ugly thing
Aim: a white ugly thing (black smoke, almost dead, ally target, umbra, 78% to hit)
The stone arrow misses the white ugly thing.
Your demonic guardian avoids your attack.
The white ugly thing stings you!
* * * LOW HITPOINT WARNING * * *
You focus on the pain.
You feel your power returning. The white ugly thing freezes you! You resist.
You die...

♣........##.................##
♣..♣♣♣......................#
♣..♣ ♣♣.....................#
♣..♣♣ ♣.♣...................#
♣...♣ ♣♣♣♣♣♣♣♣...............#
♣♣..♣ ♣♣♣♣ ♣♣...............
♣..♣ ♣♣..♣♣♣♣♣♣♣.............
♣.†♣♣♣....♣§♣♣♣♣.............
♣♣...♣..♣♣.§§@§♣♣............
♣...†..♣♣♣♣§♣u♣♣ ♣...♣...♣
♣♣♣3§♣ ♣♣.♣♣♣.♣♣ ♣♣.♣ ♣. ..♣
.. .. ♣.. .♣. ♣.♣ ♣..♣ .... ♣÷
♣♣.3 .. .♣ .♣♣ ..÷.♣


You could see a white ugly thing (ally target) and a friendly sun demon
(summoned).

Vanquished Creatures
  3 hydras
  2 two-headed ogres (D:10)
  A catoblepas (Lair:1)
  A thrashing horror (Lair:5)
  A skyshark (Lair:5)
  Pikel (D:6)
  An ugly thing (Lair:5)
  A cyclops (D:7)
  Maurice (D:9)
  15 elephants
  7 black mambas
  A smoke demon (Lair:5)
  15 cane toads
  4 rime drakes
  Psyche (D:10)
  7 komodo dragons
  A polar bear (Lair:5)
  A queen bee (Lair:2)
  2 hornets (D:10)
  A large abomination (Lair:5)
  17 blink frogs
  A snapping turtle (Lair:3)
  2 small abominations (Lair:5)
  A shadow (D:9)
  A wyvern (D:10)
  A ynoxinul (Lair:5)
  25 yaks
  A wraith (D:10)
  A basilisk (Lair:4)
  A chaos spawn (Lair:5)
  4 steam dragons
  Menkaure (D:6)
  16 water moccasins
  2 orc warriors
  A sky beast (D:7)
  4 black bears
  An ogre (D:5)
  13 wolves
  2 lemures (D:6)
  A kobold brigand (D:7)
  10 bullfrogs
  Blork the orc (D:6)
  7 scorpions
  8 wights
  29 killer bees
  An electric eel (Lair:3)
  2 howler monkeys
  2 hounds
  3 jellies
  2 orc priests
  A gnoll bouda (D:6)
  An iguana (D:6)
  A sleepcap (D:7)
  A hell rat (Sewer)
  11 orc wizards
  12 gnolls
  8 adders
  A river rat (Sewer)
  A shadow imp (D:5)
  A white imp (D:7)
  A worm (D:2)
  3 dart slugs
  31 orcs
  3 bats
  9 endoplasms
  7 giant cockroaches
  6 goblins
  5 hobgoblins
  10 jackals
  10 kobolds
  6 quokkas
  6 ball pythons
  10 frilled lizards
  10 rats
383 creatures vanquished.

Vanquished Creatures (collateral kills)
  A hydra (Lair:4)
  An elephant (Lair:4)
  A black mamba (Lair:4)
  A blink frog (Lair:5)
  2 yaks
  2 water moccasins (Lair:3)
  A black bear (D:6)
  A wight (D:10)
  A killer bee (Lair:2)
  A hound (D:6)
  An orc wizard (D:9)
  A gnoll (D:7)
  A rat (Sewer)
15 creatures vanquished.

Grand Total: 398 creatures vanquished

Notes
Turn   | Place    | Note
-------+----------+-------------------------------------------
     0 | D:1      | DemonSlayer the Demonspawn Earth Elementalist began the
                  | quest for the Orb.
     0 | D:1      | Reached XP level 1. HP: 13/13 MP: 3/3
    12 | D:1      | Reached skill level 1 in Transmutations
   189 | D:1      | Found a faded altar of an unknown god.
   258 | D:1      | Gained mutation: You have an unusually large brain. (Int
                  | +2) [demonic ancestry]
   258 | D:1      | Reached XP level 2. HP: 17/19 MP: 0/5
  1075 | D:1      | Learned a level 2 spell: Passwall
  1128 | D:2      | Gained mutation: A weak demonic guardian rushes to your
                  | aid. [demonic ancestry]
  1128 | D:2      | Reached XP level 3. HP: 24/24 MP: 4/6
  1162 | D:2      | Found Yrathi's Assorted Antiques.
  1199 | D:2      | Bought a metallic blue potion for 20 gold pieces
  1199 | D:2      | Bought 2 scrolls labelled CANIL BYNA for 46 gold pieces
  1199 | D:2      | Bought a scroll labelled CANIL BYNA for 23 gold pieces
  1199 | D:2      | Bought a sapphire potion for 20 gold pieces
  1378 | D:2      | Reached skill level 3 in Spellcasting
  1658 | D:2      | Gained mutation: You sometimes gain a little power by
                  | taking damage. [demonic ancestry]
  1658 | D:2      | Reached XP level 4. HP: 26/30 MP: 4/8
  2136 | D:2      | Learned a level 3 spell: Stone Arrow
  2412 | D:2      | Bought a scroll labelled CANIL BYNA for 23 gold pieces
  2412 | D:2      | Bought a metallic blue potion for 20 gold pieces
  2685 | D:3      | Noticed a steam dragon
  2689 | D:3      | Killed a steam dragon
  2690 | D:3      | Gained mutation: You have an extremely huge brain. (Int +4)
                  | [demonic ancestry]
  2690 | D:3      | Reached XP level 5. HP: 33/35 MP: 2/10
  2779 | D:3      | Reached skill level 4 in Spellcasting
  2830 | D:3      | Found a stormy altar of Qazlal.
  3019 | D:3      | Identified the +5 glaive of Yeast {venom, Int+5}
  3277 | D:3      | Gained mutation: A demonic guardian rushes to your aid.
                  | [demonic ancestry]
  3277 | D:3      | Reached XP level 6. HP: 36/42 MP: 10/12
  3575 | D:3      | Learned a level 4 spell: Petrify
  3970 | D:4      | Reached skill level 1 in Fighting
  3970 | D:4      | Reached skill level 1 in Polearms
  4113 | D:4      | Reached XP level 7. HP: 48/48 MP: 11/14
  4349 | D:5      | Entered Level 5 of the Dungeon
  4369 | D:5      | Reached skill level 5 in Spellcasting
  4488 | D:5      | Reached skill level 5 in Earth Magic
  4542 | D:5      | Found a glowing drain.
  4556 | Sewer    | Entered a sewer
  5731 | D:6      | Gained mutation: You have a small tail. [demonic ancestry]
  5731 | D:6      | Reached XP level 8. HP: 54/54 MP: 12/16
  5736 | D:6      | Reached skill level 6 in Spellcasting
  5985 | D:6      | Found a transporter.
  6008 | D:6      | Noticed Mig's ghost (novice TrBe)
  6136 | D:6      | Found a runed translucent door.
  6137 | D:6      | Noticed Crazy Yiuf
  6183 | D:6      | Noticed Pikel
  6191 | D:6      | Killed Pikel
  6192 | D:6      | Reached skill level 7 in Spellcasting
  6402 | D:6      | Noticed Blork the orc
  6402 | D:6      | Noticed Menkaure
  6426 | D:6      | Reached XP level 9. HP: 26/61 MP: 12/20
  6426 | D:6      | Killed Blork the orc
  6854 | D:7      | Reached skill level 1 in Conjurations
  6858 | D:7      | Reached skill level 1 in Throwing
  7004 | D:7      | Noticed a cyclops
  7011 | D:7      | Killed a cyclops
  7059 | D:7      | Reached skill level 8 in Spellcasting
  7288 | D:7      | Found a staircase to the Ecumenical Temple.
  7299 | Temple   | Entered the Ecumenical Temple
  7591 | Temple   | Became a worshipper of Dithmenos the Shadowed
  7857 | D:7      | Found an iron altar of Okawaru.
  8366 | D:6      | Killed Menkaure
  8448 | D:6      | Found a transporter.
  8880 | D:8      | Identified the ring "Dety" {Will+ MP+9 Stlth+}
  9280 | D:8      | Reached XP level 10. HP: 67/67 MP: 11/22
  9773 | D:9      | Noticed Maurice
  9783 | D:9      | Killed Maurice
 10057 | D:9      | Reached * piety under Dithmenos
 10437 | D:10     | Entered Level 10 of the Dungeon
 10553 | D:10     | Noticed Psyche
 10558 | D:10     | Reached skill level 9 in Spellcasting
 10566 | D:10     | Killed Psyche
 10571 | D:10     | Reached skill level 5 in Conjurations
 10621 | D:10     | Found a staircase to the Lair.
 10911 | D:10     | Noticed a two-headed ogre
 10915 | D:10     | Killed a two-headed ogre
 11127 | D:10     | Noticed a two-headed ogre
 11130 | D:10     | Killed a two-headed ogre
 11381 | D:10     | Learned a level 5 spell: Borgnjor's Vile Clutch
 11388 | Lair:1   | Entered Level 1 of the Lair of Beasts
 11460 | Lair:1   | Reached XP level 11. HP: 73/73 MP: 24/24
 11503 | Lair:1   | Reached skill level 10 in Spellcasting
 11791 | Lair:1   | Noticed a catoblepas
 12043 | Lair:1   | Killed a catoblepas
 12604 | Lair:2   | Found an ancient bone altar of Kikubaaqudgha.
 12748 | Lair:2   | Identified the +5 trident "Boatt" {flame, Fly Dex+4}
 12860 | Lair:2   | Reached ** piety under Dithmenos
 13749 | Lair:2   | Reached skill level 5 in Stealth
 13840 | Lair:3   | Reached XP level 12. HP: 72/81 MP: 26/26
 13928 | Lair:3   | Reached skill level 10 in Earth Magic
 13929 | Lair:3   | Reached skill level 5 in Dodging
 13963 | Lair:3   | Reached *** piety under Dithmenos
 13994 | Lair:3   | Reached skill level 11 in Spellcasting
 14089 | Lair:3   | Reached skill level 1 in Short Blades
 14096 | Lair:3   | Found a staircase to the Snake Pit.
 15129 | Lair:3   | Found a staircase to the Shoals.
 15996 | Lair:4   | Noticed an eight-headed hydra
 16000 | Lair:4   | Killed an eight-headed hydra
 16148 | Lair:4   | Noticed a six-headed hydra
 16156 | Lair:4   | Killed a six-headed hydra
 16344 | Lair:4   | Found a staircase to the Slime Pits.
 16355 | Lair:4   | Noticed an eight-headed hydra
 16362 | Lair:4   | Killed an eight-headed hydra
 16469 | Lair:4   | HP: 3/83 [komodo dragon (26)]
 16933 | Lair:4   | Gained mutation: You have a tail ending in a sharp stinger.
                  | [demonic ancestry]
 16933 | Lair:4   | Reached XP level 13. HP: 88/88 MP: 28/28
 17152 | Lair:4   | Reached skill level 12 in Spellcasting
 17367 | Lair:4   | Identified the +8 short sword "Xior" {flame, rCorr Str-4
                  | Dex+4 Stlth+}
 17566 | Lair:5   | Entered Level 5 of the Lair of Beasts
 17765 | Lair:5   | Reached **** piety under Dithmenos
 17796 | Lair:5   | HP: 3/88 [five-headed hydra (8)]
 17798 | Lair:5   | Reached skill level 10 in Conjurations
 18924 | Lair:5   | Slain by a white ugly thing

Illustrated notes

Levels and vault maps discovered:
D:1:      dpeg_arrival_stonehenge_8_columns, layout_basic,
          dreamdust_ecumenical_altar_grove, serial_curves, eino_curves_03,
          eino_curves_02, st_stairs_4, hangedman_decor_growths,
          minmay_lizard_king
D:2:      minmay_inner_zag, layout_basic, serial_shops,
          nicolae_shop_advertising_works [nicolae_subvault_shop_adworks],
          minmay_misc_feat_hallway
D:3:      layout_basic, grunt_qazlal_clouds
D:4:      layout_cave_pools
D:5:      layout_loops_ring, gup_sewer_entry_pipe
D:6:      layout_basic, gammafunk_ghost_arena, uniq_pikel,
          uniq_crazy_yiuf_cottage, uniq_blork_the_orc, uniq_menkaure
D:7:      layout_gridville, overflow_temple_1_default,
          minmay_temple_entry_crystal_x
D:8:      layout_gridville
D:9:      layout_basic, minmay_holes, uniq_maurice
D:10:     layout_irregular_city, grunt_lair_entry_orc_guard_hut, uniq_psyche
Temple:   mainiacjoe_temple_big_plus
Lair:1:   layout_gridlike
Lair:2:   layout_gridlike, basic_altar, special_room [special_room_bee],
          beast_lair_carwin_6
Lair:3:   layout_chaotic_city, minmay_shoals_entry_hut,
          minmay_snake_entry_six_corridors, cheibrodos_lair_reptile_den
Lair:4:   layout_misc_corridors, slime_entry_1, minivault_25, st_stairs_12,
          serial_bayou_pond_b
Lair:5:   hellmonk_lair_end_abyssal_woods, layout_cave_shapes,
          chequers_serial_rivers_large_a, st_stairs_8,
          eino_small_chamber_without_monster

Skill      XL: |  1  2  3  4  5  6  7  8  9 10 11 12 13 |
---------------+----------------------------------------+-----
Transmutations | 1 |  1.0
Earth Magic    | 3 4 5 7 9 11 | 11.9
Dodging        | 2 3 4 5 6 |  6.4
Stealth        | 2 3 4 5 |  5.8
Spellcasting   | 3 4 5 7 8 9 10 11 12 | 12.8
Fighting       | 1 2 3 4 |  4.5
Polearms       | 1 2 3 |  3.2
Conjurations   | 3 5 8 9 10 | 10.6
Throwing       | 1 2 |  2.2
Short Blades   | 2 |  2.3
Evocations     | |  0.5

Action                     |  1- 3 |  4- 6 |  7- 9 | 10-12 | 13-15 || total
---------------------------+-------+-------+-------+-------+-------++-------
  Melee: Dagger            |    14 |    12 |       |    39 |    15 ||    80
         Glaive            |       |    14 |    24 |    25 |       ||    63
         Tailslap          |       |       |       |    16 |     2 ||    18
         Punch             |       |       |       |     1 |       ||     1
  Throw: Throwing net      |       |     1 |     4 |     3 |       ||     8
         Dart              |       |     2 |    10 |     5 |       ||    17
   Cast: Sandblast         |    60 |    46 |    79 |       |       ||   185
         Stone Arrow       |       |     2 |    74 |   326 |   173 ||   575
  Evoke: Wand              |       |       |     3 |     1 |       ||     4
    Use: Potion            |     1 |     1 |       |     5 |     1 ||     8
         Scroll            |       |    13 |     1 |    14 |     4 ||    32
   Stab: Sleeping          |     2 |     6 |       |    11 |     4 ||    23
 Armour: Robe              |    15 |    10 |    39 |    10 |       ||    74
         Steam dragon scal |       |       |       |    96 |    44 ||   140
  Dodge: Dodged            |    24 |    38 |    61 |   253 |   113 ||   489
